 Dungeon Crawl Stone Soup version 0.26.1-11-gd32895ea62 (webtiles) character file.

Game seed: 12709711944907162758

9 nothank2 the Sneak (level 2, 0/15 HPs)
             Began as a Kobold Enchanter on July 8, 2021.
             Slain by a hobgoblin (4 damage)
             ... on level 1 of the Dungeon.
             The game lasted 00:01:14 (544 turns).

nothank2 the Sneak (Kobold Enchanter)                Turns: 544, Time: 00:01:15

Health: 0/15       AC:  2    Str:  5    XL:     2   Next: 25%
Magic:  5/5        EV: 14    Int: 16    God:
Gold:   13         SH:  4    Dex: 15    Spells: 2/5 levels left

rFire    . . .     SeeInvis .   a - +1 dagger
rCold    . . .     Faith    .   e - +0 buckler (curse)
rNeg     . . .     Spirit   .   b - +0 robe
rPois    .         Reflect  .   (no helmet)
rElec    .         Harm     .   (no cloak)
rCorr    .         Rampage  .   (no gloves)
Will     .....                  (no boots)
Stlth    ++++......             (no amulet)
HPRegen  0.05/turn              (no ring)
MPRegen  0.09/turn              (no ring)

@: no status effects
A: small, nightstalker 3
a: no special abilities


You were on level 1 of the Dungeon.
You visited 1 branch of the dungeon, and saw 1 of its levels.

You collected 13 gold pieces.

Inventory:

Hand Weapons
 a - a +1 dagger (weapon)
Armour
 b - a +0 robe (worn)
 e - a cursed +0 buckler (worn)
Jewellery
 c - a cursed -4 ring of dexterity {unknown}
Scrolls
 d - a scroll of identify {unknown}
 f - a scroll of teleportation {unknown}


   Skills:
 - Level 1.3 Short Blades
 - Level 2.4 Dodging
 - Level 4.0 Stealth
 - Level 2.1 Spellcasting
 + Level 3.6 Hexes


You had 2 spell levels left.
You knew the following spells:

 Your Spells              Type           Power        Failure   Level
a - Corona                Hex            14%          8%          1
b - Ensorcelled Hibernat  Hex/Ice        14%          24%         2

Your spell library contained the following spells:

 Spells                   Type           Power        Failure   Level
 Confusing Touch          Hex            13%          22%         3
 Tukima's Dance           Hex            13%          22%         3
 Dazzling Flash           Conj/Hex       14%          43%         3


Dungeon Overview and Level Annotations

Branches:
Dungeon (1/15)

Altars:


Innate Abilities, Weirdness & Mutations

You are small and have problems with some larger weapons.
You are completely attuned to the shadows.


Message History

The kobold is severely wounded.
The kobold closely misses you.
You hit the kobold.
You kill the kobold!
You hit the hobgoblin but do no damage. The hobgoblin closely misses you.
You hit the hobgoblin but do no damage. The hobgoblin barely misses you.
You barely miss the hobgoblin. The hobgoblin hits you.
You barely miss the hobgoblin. The hobgoblin closely misses you.
You hit the hobgoblin but do no damage. You block the hobgoblin's attack.
You barely miss the hobgoblin. The hobgoblin hits you.
* * * LOW HITPOINT WARNING * * *
You hit the hobgoblin but do no damage. You block the hobgoblin's attack.
You barely miss the hobgoblin.
The hobgoblin hits you but does no damage.
You closely miss the hobgoblin. The hobgoblin misses you.
You hit the hobgoblin but do no damage. The hobgoblin closely misses you.
You hit the hobgoblin.
The hobgoblin is moderately wounded.
The hobgoblin hits you.
You die...

#.#..####.#.................
#.#.......#.##.####.
.####.#..##...#.##.# #.
......#...#...#.##.####.
........................
.#####....#...#.#...####
#........#.#....... ..
#...#..............
.....##+#.####@##....###...####
...........###g###.............
................##.............
##..............##..##.#...####
...(............##..##.#...# #
........#.#.....##...#.#...# #
..........(.....##.....#...# #
.....###).......# ##..##...# #
.....# #........# ##......# #


You could see a hobgoblin.

Vanquished Creatures
  A dart slug (D:1)
  2 bats (D:1)
  A hobgoblin (D:1)
  3 kobolds (D:1)
7 creatures vanquished.

Notes
Turn   | Place    | Note
-------+----------+-------------------------------------------
     0 | D:1      | nothank2 the Kobold Enchanter began the quest for the Orb.
     0 | D:1      | Reached XP level 1. HP: 10/10 MP: 3/3
   191 | D:1      | Reached XP level 2. HP: 11/15 MP: 5/5
   194 | D:1      | Learned a level 2 spell: Ensorcelled Hibernation
   544 | D:1      | Slain by a hobgoblin

Illustrated notes

Levels and vault maps discovered:
D:1:      minmay_arrival_jagged, layout_basic, st_stairs_6,
          lemuel_another_geyser

Action                   || total
-------------------------++-------
Melee: Dagger            ||    53
 Stab: Sleeping          ||     2
Armor: Robe              ||     5
Dodge: Dodged            ||    34
Block: Buckler           ||     7
